 Dungeon Crawl Stone Soup version 0.25.1-2-g60ff931df9 (webtiles) character file.

Game seed: 5115350972650278452

3580 Peloso the Carver (level 9, -1/81 HPs)
             Began as a Minotaur Fighter on Aug 17, 2020.
             Was an Elder of Okawaru.
             Slain by a wight
             ... wielding a cursed +3 flail
              (7 damage)
             ... on level 8 of the Dungeon.
             The game lasted 00:13:43 (6931 turns).

Peloso the Carver (Minotaur Fighter)                Turns: 6931, Time: 00:13:43

Health: -1/81      AC: 14    Str: 22    XL:     9   Next: 84%
Magic:  8/8        EV:  8    Int:  5    God:    Okawaru [****..]
Gold:   216        SH: 11    Dex: 12    Spells: 8/8 levels left

rFire    + . .     SeeInvis +   a - +1 long sword
rCold    . . .     Gourm    .   c - +0 kite shield
rNeg     . . .     Faith    .   r - +2 chain mail {rF+}
rPois    .         Spirit   .   (helmet restricted)
rElec    .         Reflect  .   (no cloak)
rCorr    .         Harm     .   (no gloves)
MR       .....                  u - +0 pair of boots
Stlth    ..........             (no amulet)
HPRegen  0.23/turn              (no ring)
MPRegen  0.11/turn              A - ring of see invisible

@: lightly drained
A: retaliatory headbutt, horns 2
a: Heroism, Renounce Religion


You were on level 8 of the Dungeon.
You worshipped Okawaru.
Okawaru was greatly pleased with you.
You were very hungry.

You visited 1 branch of the dungeon, and saw 8 of its levels.

You collected 216 gold pieces.

Inventory:

Hand Weapons
 a - a +1 long sword (weapon)
Missiles
 B - 9 bolts
Armour
 b - a +0 scale mail
 c - a +0 kite shield (worn)
 r - a +2 chain mail of fire resistance (worn)
 u - a +0 pair of boots (worn)
Jewellery
 n - an uncursed amulet of magic regeneration
 A - a ring of see invisible (right hand)
Wands
 z - a wand of flame (8)
Scrolls
 d - a scroll of immolation
 e - 3 scrolls of remove curse
 i - a scroll of teleportation
 p - 2 scrolls of fear
 w - 3 scrolls of identify
Potions
 g - 3 potions of brilliance {unknown}
 h - a potion of cancellation {unknown}
 j - a potion of berserk rage {unknown}
 k - a potion of haste {unknown}
 l - 2 potions of heal wounds
 m - 3 potions of stabbing {unknown}
 o - 3 potions of invisibility
 q - 2 potions of curing {unknown}
 s - 2 potions of magic
 x - a potion of flight {unknown}
Comestibles
 f - 7 rations


   Skills:
 + Level 8.0(7.8) Fighting
 + Level 10.2(9.9) Long Blades
 + Level 8.3(8.1) Armour
 + Level 2.2(2.1) Dodging
 + Level 0.7(0.5) Stealth
 + Level 9.1(8.9) Shields
 + Level 0.6(0.4) Invocations


You had 8 spell levels left.
You didn't know any spells.
Your spell library was empty.

Dungeon Overview and Level Annotations

Branches:
Dungeon (8/15)             Temple (0/1) D:4
   Lair: D:8-11

Altars:
Ashenzari
Fedhas
Gozag
Kikubaaqudgha
Okawaru
Qazlal
Sif Muna
Wu Jian

Annotations:
D:3 3 runed translucent doors, sirjames's ghost, amateur SpEn


Innate Abilities, Weirdness & Mutations

You reflexively headbutt those who attack you in melee.
You have a pair of horns on your head.


Message History

The ogre is heavily wounded.
The ogre barely misses you. You furiously retaliate!
You headbutt the ogre. You hit the ogre. You headbutt the ogre.
You kill the ogre!
The ogre's corpse dissolves into shadows!
You slash the wight!
The wight is heavily damaged.
The orc wizard is no longer moving quickly.
The wight hits you but does no damage.
You hit the wight.
The wight is severely damaged.
You block the wight's attack.
You hit the wight.
The wight is almost destroyed.
The orc wizard gestures wildly while chanting.
The orc wizard blinks!
The wight hits you but does no damage.
You closely miss the wight. Your headbutt misses the wight.
The wight is almost destroyed.
The wight hits you with a cursed +3 flail!
You die...

##### ...# #..#
############ #..#
#<.........# #..#
#.########.#
#..########.##### #.#
#...§zcz@.......# #.#
.........###########.#
#.# ######...# #.# #.#
.....c #.# #.#
#####.## #.# #.# #z#
#.####.### #.#
#.##.....# #.# #
#.##.###.## #.#....#
#...


You could see a centaur (summoned) and 2 wights.

Vanquished Creatures
  A two-headed ogre (D:7)
  Eustachio (D:6)
  Duvessa (D:5)
  2 orc warriors (D:8)
  3 sky beasts
  2 phantoms
  5 ogres
  2 centaurs
  A bullfrog (D:8)
  Dowan (D:5)
  A gnoll sergeant (D:5)
  A scorpion (D:6)
  A water moccasin skeleton (D:5)
  5 wights (D:7)
  A howler monkey (D:4)
  A bullfrog zombie (D:5)
  3 crimson imps
  A hound (D:6)
  2 orc priests
  A bullfrog skeleton (D:7)
  An iguana (D:7)
  5 orc wizards
  Natasha (thrice) (D:4)
  Terence (D:2)
  3 worker ants
  A hound skeleton (D:5)
  14 gnolls
  10 adders
  An ooze (D:3)
  2 adder skeletons
  3 worms (D:2)
  5 dart slugs (D:1)
  4 leopard geckos
  24 orcs
  2 ball pythons
  2 giant cockroaches
  6 goblins
  7 hobgoblins
  11 jackals
  14 bats
  7 frilled lizards
  6 kobolds
  8 rats
176 creatures vanquished.

Notes
Turn   | Place    | Note
-------+----------+-------------------------------------------
     0 | D:1      | Peloso the Minotaur Fighter began the quest for the Orb.
     0 | D:1      | Reached XP level 1. HP: 19/19 MP: 0/0
     0 | D:1      | Noticed a vine stalker
     7 | D:1      | Noticed a draconian
    14 | D:1      | Noticed a ghoul
    16 | D:1      | Noticed a human
   112 | D:1      | Reached XP level 2. HP: 27/27 MP: 1/1
   240 | D:1      | Reached XP level 3. HP: 33/33 MP: 2/2
   349 | D:1      | Reached skill level 3 in Long Blades
   991 | D:2      | Reached XP level 4. HP: 41/41 MP: 3/3
  1215 | D:2      | Found an iron altar of Okawaru.
  1231 | D:2      | Reached skill level 4 in Long Blades
  1239 | D:2      | Became a worshipper of Warmaster Okawaru
  1419 | D:2      | Noticed Terence
  1433 | D:2      | Killed Terence
  1544 | D:2      | Reached XP level 5. HP: 42/47 MP: 4/4
  1787 | D:2      | Reached skill level 5 in Long Blades
  2181 | D:3      | Noticed a phantom
  2242 | D:3      | Killed a phantom
  2242 | D:3      | Reached skill level 5 in Shields
  2242 | D:3      | Reached XP level 6. HP: 46/55 MP: 5/5
  2710 | D:2      | Reached skill level 5 in Fighting
  2896 | D:3      | Found a stormy altar of Qazlal.
  2896 | D:3      | Noticed a water elemental
  2897 | D:3      | Noticed a fire elemental
  2897 | D:3      | Noticed an air elemental
  2932 | D:3      | Reached skill level 6 in Long Blades
  3104 | D:3      | Found a runed translucent gate.
  3104 | D:3      | Found a runed translucent gate.
  3104 | D:3      | Found a runed translucent gate.
  3105 | D:3      | Noticed sirjames's ghost (amateur SpEn)
  3177 | D:3      | Reached * piety under Okawaru
  3186 | D:3      | Found an ancient bone altar of Kikubaaqudgha.
  3187 | D:3      | Found an ornate altar of the Wu Jian Council.
  3290 | D:4      | Reached skill level 5 in Armour
  3303 | D:4      | Reached XP level 7. HP: 60/61 MP: 6/6
  3408 | D:4      | Found an opulent altar of Gozag.
  3457 | D:4      | Noticed Natasha
  3467 | D:4      | Killed Natasha
  3541 | D:4      | Found a staircase to the Ecumenical Temple.
  3625 | D:4      | Noticed Natasha
  3636 | D:4      | Killed Natasha
  3682 | D:4      | Noticed Natasha
  3695 | D:4      | Killed Natasha
  3695 | D:4      | Reached skill level 1 in Dodging
  3984 | D:5      | Entered Level 5 of the Dungeon
  4042 | D:5      | Reached ** piety under Okawaru
  4042 | D:5      | Reached skill level 7 in Long Blades
  4308 | D:5      | Noticed Duvessa
  4309 | D:5      | Noticed Dowan
  4318 | D:5      | Killed Duvessa
  4318 | D:5      | Reached XP level 8. HP: 67/70 MP: 4/7
  4336 | D:5      | Killed Dowan
  4914 | D:5      | Found a shattered altar of Ashenzari.
  5260 | D:5      | Reached skill level 8 in Long Blades
  5437 | D:5      | Found a shimmering blue altar of Sif Muna.
  5496 | D:6      | Noticed Eustachio
  5515 | D:6      | Killed Eustachio
  5515 | D:6      | Reached *** piety under Okawaru
  5593 | D:6      | Reached XP level 9. HP: 68/78 MP: 8/8
  5655 | D:6      | Found a blossoming altar of Fedhas.
  5682 | D:6      | You fall into a shaft and drop 1 floor!
  6041 | D:7      | Noticed a two-headed ogre
  6052 | D:7      | Killed a two-headed ogre
  6052 | D:7      | Reached **** piety under Okawaru
  6052 | D:7      | Reached skill level 9 in Long Blades
  6836 | D:8      | Reached skill level 10 in Long Blades
  6931 | D:8      | Slain by a wight

Illustrated notes

Levels and vault maps discovered:
D:1:      shiori_arrival_whats_in_store_for_you, layout_loops_ring,
          minmay_distorted
D:2:      layout_loops_ring, okawaru_ov_weapons_minmay, uniq_terence
D:3:      layout_basic, gammafunk_temple_overflow_statue,
          gammafunk_ghost_necromancy, nicolae_qazlal_style_of_elements
D:4:      layout_cave_pools, kennysheep_mini,
          minmay_temple_entry_drinking_statues, uniq_natasha
D:5:      layout_basic, lemuel_blue_sif_altar, old_standard_altar, first_ration,
          kennysheep_generic_room_11, uniq_duvessa
D:6:      layout_rooms, kennysheep_mini_moat, zin_scriptorium,
          fedhas_altar_fruit_tree, uniq_grinder, uniq_eustachio
D:7:      minmay_cornered_nines, layout_cave_pods, lemuel_doored_altar,
          nicolae_ossuary_entry_ruins, st_stairs_5
D:8:      layout_loops_ring, lemuel_coloured_pillars_altar, uniq_harold,
          uniq_pikel

Skill      XL: |  1  2  3  4  5  6  7  8  9 |
---------------+----------------------------+-----
Shields        | 4 5 7 8 9 |  9.1
Fighting       | 4 5 6 8 |  8.0
Armour         | 4 5 6 8 |  8.3
Long Blades    | 3 4 5 6 7 8 10 | 10.2
Dodging        | 1 2 |  2.2
Stealth        | |  0.7
Invocations    | |  0.6

Action                   |  1- 3 |  4- 6 |  7- 9 || total
-------------------------+-------+-------+-------++-------
Melee: Long sword        |    83 |   219 |   350 ||   652
       Headbutt          |    12 |    29 |    76 ||   117
Invok: Heroism           |       |       |     3 ||     3
  Use: Potion            |     1 |       |     1 ||     2
       Scroll            |       |     4 |     8 ||    12
  Eat: Chunk             |       |     8 |    11 ||    19
Armor: Scale mail        |     4 |       |       ||     4
       Chain mail        |    62 |   127 |   123 ||   312
Dodge: Dodged            |    27 |    48 |    76 ||   151
Block: Kite shield       |    60 |   146 |   168 ||   374
       Rpst.: Long sword |     4 |    11 |    26 ||    41
